 Dungeon Crawl Stone Soup version 0.21.1-1-g345015f (webtiles) character file.

278 Fang the Skirmisher (level 6, -9/58 HPs)
             Began as a Gargoyle Berserker on May 16, 2018.
             Was a Priest of Trog.
             Killed from afar by Purgy (20 damage)
             ... with an exploding inner flame
             ... hexed by the player character
             ... in a sewer.
             The game lasted 00:03:50 (2389 turns).

Fang the Skirmisher (Gargoyle Berserker)            Turns: 2389, Time: 00:03:50

Health: -9/58      AC:  7    Str: 28    XL:     6   Next: 26%
Magic:  6/6        EV: 12    Int:  7    God:    Trog [***...]
Gold:   111        SH:  0    Dex:  9    Spells: 5/5 levels left

rFire    + . .     SeeInvis .   a - +1 hand axe
rCold    + . .     Gourm    .   (no shield)
rNeg     + . .     Faith    .   b - +1 animal skin
rPois    ∞         Spirit   .   (no helmet)
rElec    +         Reflect  .   (no cloak)
rCorr    +         Harm     .   (no gloves)
MR       .....                  (no boots)
Stlth    ..........             (no amulet)
HPRegen  0.19/turn              (no ring)
MPRegen  0.10/turn              (no ring)

@: berserking, resistant, very quick
A: negative energy resistance 1, electricity resistance, unbreathing,
petrification resistance, rot immunity, AC +4
a: Berserk, Trog's Hand, Burn Spellbooks, Renounce Religion


You were in a sewer.
You worshipped Trog.
Trog was most pleased with you.
You were hungry.

You visited 1 branch of the dungeon, and saw 3 of its levels.
You also visited: Sewer.

You collected 111 gold pieces.

Inventory:

Hand Weapons
 a - a +1 hand axe (weapon)
Armour
 b - a +1 animal skin (worn)
Scrolls
 d - a scroll of teleportation
 e - a scroll of remove curse
Potions
 f - a potion of lignification
 g - a potion of curing
Comestibles
 c - 2 rations


   Skills:
 + Level 4.7 Fighting
 + Level 4.5 Axes
 + Level 2.2 Armour
 + Level 3.0 Dodging
 + Level 0.7 Stealth


You had 5 spell levels left.
You didn't know any spells.

Dungeon Overview and Level Annotations

Branches:
Dungeon (3/15)

Altars:


Innate Abilities, Weirdness & Mutations

You are resistant to torment.
Your stone body is resilient. (AC +4)
You are immune to poison.
You resist negative energy. (rN+)
You are resistant to electric shocks. (rElec)
You can survive without breathing.
You are immune to petrification.
You are immune to rotting.


Message History

h - a ruby potion You recover from your berserk rage.
Purgy barely misses you. Purgy closely misses you. Purgy misses you.
It was a potion of berserk rage.
A red film seems to cover your vision as you go berserk!
You feel yourself moving faster!
You feel mighty! Purgy bites you but does no damage. Purgy closely misses you.
Purgy claws you but does no damage.
You barely miss Purgy. You slice Purgy!!
Purgy is heavily wounded.
Purgy bites you but does no damage. Purgy claws you but does no damage. x2
You slash Purgy!
Purgy is almost dead.
Purgy bites you but does no damage. Purgy barely misses you.
Purgy closely misses you.
You slash Purgy!
Purgy explodes!
The fiery explosion engulfs you! You resist.
You die...

##...## ##.## #.#
#.# # #.# .## #.#
..# #.#
..####.###########
..............§§@#
..################
..# .## #


There were no monsters in sight!

Vanquished Creatures
  The ghost of cardinal the Skirmisher, an amateur DrBe of Trog (D:3)
  An orc wizard (D:3)
  7 adders (D:2)
  An ooze (D:1)
  3 worms
  2 dart slugs (D:1)
  3 leopard geckos
  2 orcs (D:3)
  A ball python (D:1)
  5 giant cockroaches
  11 goblins
  6 hobgoblins
  8 jackals
  11 bats
  4 frilled lizards
  8 kobolds
  6 rats
80 creatures vanquished.

Notes
Turn   | Place    | Note
-------+----------+-------------------------------------------
     0 | D:1      | Fang the Gargoyle Berserker began the quest for the Orb.
     0 | D:1      | Reached XP level 1. HP: 14/14 MP: 1/1
    89 | D:1      | Reached XP level 2. HP: 18/19 MP: 2/2
   570 | D:1      | Reached XP level 3. HP: 24/24 MP: 3/3
   639 | D:1      | Reached ** piety under Trog
  1071 | D:2      | Reached XP level 4. HP: 25/29 MP: 4/4
  1748 | D:2      | Reached XP level 5. HP: 28/33 MP: 5/5
  2142 | D:3      | Noticed cardinal's ghost (amateur DrBe)
  2156 | D:3      | Killed cardinal's ghost
  2156 | D:3      | Reached XP level 6. HP: 29/39 MP: 6/6
  2257 | D:3      | Reached *** piety under Trog
  2312 | D:3      | Found a glowing drain.
  2317 | Sewer    | Entered a sewer
  2350 | Sewer    | Noticed Purgy
  2389 | Sewer    | Killed Purgy
  2389 | Sewer    | Killed from afar by Purgy

Skill      XL: |  1  2  3  4  5  6 |
---------------+-------------------+-----
Axes           | 3 4 |  4.5
Dodging        | 2 3 |  3.0
Fighting       | 4 |  4.7
Armour         | |  2.2
Stealth        | |  0.7

Action                   |  1- 3 |  4- 6 || total
-------------------------+-------+-------++-------
Melee: Hand axe          |   141 |   160 ||   301
Invok: Berserk           |     1 |     5 ||     6
  Use: Scroll            |       |     7 ||     7
       Potion            |       |     3 ||     3
 Stab: Sleeping          |       |     1 ||     1
  Eat: Chunk             |     1 |     5 ||     6
       Ration            |       |     1 ||     1
Armor: Animal skin       |    76 |    92 ||   168
Dodge: Dodged            |   104 |   172 ||   276
